cohdb
Replays
Latest Replays
All Replays
Popular Replays
Top Player Replays
Match Explorer
How It Works
Community
CoH3 Stats
Reddit
Sign in to upload your games and track your stats! →
Sign in with Steam
Match 47118439
Unlisted
Match 47118439
Overview
Messages
Build Orders
End
Kettenkrad Recon Vehicle
Construct Infanterie Kompanie
Selects Terror Battlegroup
Selects Machine Gun Camouflage
MG 42 Machine Gun Team
Grenadier Squad
MG 42 Machine Gun Team
Construct Panzergrenadier Kompanie
Pak 40 Anti-tank Gun Team
Medical Bunker
Support Elements
Nebelwerfer 42 Rocket Launcher Team
Nebelwerfer 42 Rocket Launcher Team
Kettenkrad Recon Vehicle
Construct Panzer Kompanie
Selects No Quarter
Panzergrenadier Officer Quarters
Pioneer Squad
UMirinBrah?
Konrad Curze
FLOKL
DICE_JM
just a LLAMA
Zan'Ark
0
0
Comments
sign in to comment!
No comments posted yet!